 Dungeon Crawl Stone Soup version 0.19.1 (webtiles) character file.

37 davidrosshaw the Covered (level 3, 0/29 HPs)
             Began as a Centaur Wanderer on Dec 26, 2016.
             Succumbed to an adder's poison
             ... on level 2 of the Dungeon.
             The game lasted 00:03:23 (1449 turns).

davidrosshaw the Covered (Centaur Wanderer)         Turns: 1449, Time: 00:03:23

Health: 0/29       AC:  4    Str: 15    XL:     3   Next: 21%
Magic:  4/4        EV:  9    Int: 10    God:
Gold:   71         SH:  0    Dex:  9    Spells: 0 memorised, 4 levels left

rFire  . . .     SeeInvis .     d - +0 club
rCold  . . .     Gourm    .     e - +0 robe
rNeg   . . .     Faith    .     (no shield)
rPois  .         Spirit   .     (no helmet)
rElec  .         Reflect  .     (no cloak)
rCorr  .         Harm     .     (no gloves)
MR     .....                    (no barding)
Stlth  +.........               (no amulet)
                                (no ring)
                                (no ring)

@: lethally poisoned (0 -> -1), very quick
A: hooves 3, deformed body, speed 2, tough skin 3
a: no special abilities


You were on level 2 of the Dungeon.
You were not hungry.

You visited 1 branch of the dungeon, and saw 2 of its levels.

You collected 71 gold pieces.

Inventory:

Hand Weapons
 d - a +0 club (weapon)
Armour
 c - a +0 robe
 e - a +0 robe (worn)
 j - a +0 plate armour
Scrolls
 g - a scroll of identify {unknown}
 h - a scroll of teleportation {unknown}
 k - a scroll of noise {unknown}
 l - a scroll of enchant armour {unknown}
Potions
 i - a potion of flight {unknown}
 o - a potion of lignification {unknown}
Books
 a - a book of Minor Magic

   Spells                             Type                      Level
   a - Magic Dart                     Conjuration                  1
   b - Blink                          Translocation                2
   c - Call Imp                       Summoning                    2
   d - Repel Missiles                 Charms/Air                   2
   e - Slow                           Hexes                        2
   f - Conjure Flame                  Conjuration/Fire             3
   g - Mephitic Cloud                 Conjuration/Poison/Air       3
 b - Koesch's Incunabulum of Curses

   Spells                             Type                      Level
   a - Confusing Touch                Hexes                        1
   b - Tukima's Dance                 Hexes                        3
Comestibles
 f - 4 bread rations
 m - a slice of pizza
 n - 3 chunks of flesh


   Skills:
 + Level 2.2 Fighting
 * Level 0.3 Maces & Flails
 - Level 1.1 Throwing
 + Level 2.7 Armour
 * Level 0.9 Dodging
 - Level 1.0 Stealth
 - Level 1.0 Spellcasting
   Level 1.7 Summonings


You had 4 spell levels left.
You didn't know any spells.

Dungeon Overview and Level Annotations

Branches:
Dungeon (2/15)

Altars:


Innate Abilities, Weirdness & Mutations

You have hooves in place of feet.
Armour fits poorly on your strangely shaped body.
You cover ground very quickly.
You have extremely tough skin. (AC +3)


Message History

There is a lethal amount of poison in your body!
There is a lethal amount of poison in your body!
There is a lethal amount of poison in your body!
There is a lethal amount of poison in your body!
There is a lethal amount of poison in your body!
* * * LOW HITPOINT WARNING * * *
You feel sick.
* * * LOW HITPOINT WARNING * * *
You feel sick.
* * * LOW HITPOINT WARNING * * *
You feel sick.
* * * LOW HITPOINT WARNING * * *
You feel sick.
* * * LOW HITPOINT WARNING * * *
You feel sick.
* * * LOW HITPOINT WARNING * * *
You feel sick.
* * * LOW HITPOINT WARNING * * *
You feel sick.
You die...

......'......# #.####
#######......##### #.....
.....##..........# #.....
.....##..........# #.....
.....###.........########
#..... .....#
#.......$........# #.....
.....# #................#
#..... ######
#................# #.....
#........@.......# ###...
#......####.....[..# #...
#......# #........# #...
#......+ +......... #...
#......# #......... #...
#......# #......... #...
+......# #####..... #...
#......# ..... #... #...


There were no monsters in sight!

Vanquished Creatures
  An adder (D:2)
  A dart slug (D:1)
  5 bats (D:1)
  2 giant cockroaches
  5 goblins (D:1)
  2 hobgoblins
  2 frilled lizards (D:1)
  2 kobolds
  5 rats (D:1)
25 creatures vanquished.

Notes
Turn   | Place    | Note
-------+----------+-------------------------------------------
     0 | D:1      | davidrosshaw the Centaur Wanderer began the quest for the Orb.
     0 | D:1      | davidrosshaw set off with: a book of Minor Magic, Koesch's Incunabulum of Curses, a +0 robe, a +0 club, a bread ration
     0 | D:1      | Reached XP level 1. HP: 17/17 MP: 2/2
   188 | D:1      | Reached XP level 2. HP: 12/24 MP: 3/3
  1415 | D:2      | Reached XP level 3. HP: 7/29 MP: 4/4
  1443 | D:2      | HP: 1/29 [poisoned by an adder]
  1449 | D:2      | Succumbed to an adder's poison

Action                   || total
-------------------------++-------
Melee: Club              ||    87
       Kick              ||    14
  Eat: Chunk             ||     1
Armor: Robe              ||    43
Dodge: Dodged            ||    46
